 Dungeon Crawl Stone Soup version 0.25.0-9-g26727b657a (console) character file.

Game seed: 7707519701238385110

269 bli the Slasher (level 6, -13/49 HPs)
             Began as a Formicid Monk on June 20, 2020.
             Mangled by a crocodile (17 damage)
             ... on level 5 of the Dungeon.
             The game lasted 00:09:59 (3371 turns).

bli the Slasher (Formicid Monk)                     Turns: 3371, Time: 00:10:00

Health: -13/49     AC:  4    Str: 17    XL:     6   Next: 46%
Magic:  6/6        EV: 13    Int:  9    God:
Gold:   100        SH:  0    Dex: 14    Spells: 5/5 levels left

rFire    . . .     SeeInvis +   a - +0 falchion
rCold    . . .     Gourm    .   (no shield)
rNeg     . . .     Faith    .   f - +0 leather armour
rPois    .         Spirit   .   (helmet unavailable)
rElec    .         Reflect  .   (no cloak)
rCorr    .         Harm     .   (no gloves)
MR       +....                  v - +0 pair of boots
Stlth    +.........             (no amulet)
HPRegen  0.16/turn              i - ring of attention (curse)
MPRegen  0.10/turn              A - ring of protection from magic

@: no status effects
A: permanent stasis, dig shafts and tunnels, four strong arms, antennae 3
a: Dig, Shaft Self


You were on level 5 of the Dungeon.
You were near starving.

You visited 1 branch of the dungeon, and saw 5 of its levels.

You collected 204 gold pieces.
You spent 104 gold pieces at shops.

Inventory:

Hand Weapons
 a - a +0 falchion (weapon)
 w - a +0 hunting sling
Missiles
 j - 82 stones (quivered)
 x - 13 sling bullets
Armour
 b - a +0 robe
 f - a +0 leather armour (worn)
 l - a +0 ring mail
 r - a +0 chain mail
 v - a +0 pair of boots (worn)
Jewellery
 i - a cursed ring of attention (left hand)
 p - an uncursed ring of flight
 t - an uncursed ring of ice
 A - a ring of protection from magic (right hand)
Scrolls
 d - 2 scrolls of enchant weapon {unknown}
 e - 2 scrolls of identify {unknown}
 m - a scroll of random uselessness {unknown}
 n - 3 scrolls of remove curse {unknown}
 q - 3 scrolls of magic mapping {unknown}
 u - a scroll of amnesia {unknown}
 y - a scroll of teleportation {unknown}
Potions
 g - a potion of haste {unknown}
 h - 3 potions of lignification {unknown}
 k - 3 potions of curing
 o - a potion of brilliance {unknown}
 s - 2 potions of mutation {unknown}
 z - a potion of stabbing {unknown}
 B - a potion of heal wounds
Comestibles
 c - 9 rations


   Skills:
 * Level 4.3 Fighting
 + Level 5.3 Long Blades
 * Level 2.3 Armour
 + Level 3.2 Dodging
 + Level 2.5 Stealth


You had 5 spell levels left.
You didn't know any spells.
Your spell library was empty.

Dungeon Overview and Level Annotations

Branches:
Dungeon (4/15)
 Temple: D:4-7

Altars:
Nemelex Xobeh
Trog
Yredelemnul
The Shining One

Shops:
D:5 !


Innate Abilities, Weirdness & Mutations

You cannot be hasted, slowed, berserked, paralysed or teleported.
You can dig through walls and to a lower floor.
Your four strong arms can wield two-handed weapons with a shield.
You have a pair of large antennae on your head. (SInv)


Message History

The crocodile is heavily wounded.
The crocodile closely misses you.
You hit the crocodile but do no damage.
The crocodile is heavily wounded.
The crocodile bites you.
* * * LOW HITPOINT WARNING * * *
You hit the crocodile.
The crocodile is heavily wounded.
The crocodile completely misses you.
You riposte.
You are near starving!
You hit the crocodile.
The crocodile is severely wounded.
You hit the crocodile but do no damage.
The crocodile is severely wounded.
The crocodile bites you.
* * * LOW HITPOINT WARNING * * *
You hit the crocodile.
The crocodile is almost dead.
The crocodile bites you!
You die...

### #.#.. ..# #.#.# ..#
#.#.# #.... ..####
#.#.#.#...#
.....####.#.#.#.#.#
.....)....#.#.#.#.#
..........#.#.#.#.## #
..._........#.8.8.8# .#
........######.⌠.⌠.##.#
.8............8.∩.8...#.#.#
........######.⌠@⌠).(.(.(..
..............8t8.8.....?..
...............##..........
.............(.##.#.......#
###............##.#..##.#.#
#............##.#.......#
#............##.#.#.#.###
#####........<...)...
......#### +####.# .#


You could see a crocodile.

Vanquished Creatures
  An ogre (D:5)
  2 hounds
  3 adders (D:2)
  3 oozes
  2 dart slugs
  3 leopard geckos
  2 orcs
  A ball python (D:1)
  6 bats
  2 giant cockroaches
  3 goblins
  10 hobgoblins
  13 jackals
  A quokka (D:3)
  4 frilled lizards
  8 kobolds
  8 rats
72 creatures vanquished.

Notes
Turn   | Place    | Note
-------+----------+-------------------------------------------
     0 | D:1      | bli the Formicid Monk began the quest for the Orb.
     0 | D:1      | Reached XP level 1. HP: 18/18 MP: 1/1
    91 | D:1      | Reached XP level 2. HP: 24/24 MP: 2/2
   215 | D:1      | Reached XP level 3. HP: 16/29 MP: 3/3
   726 | D:1      | Reached skill level 4 in Long Blades
   726 | D:1      | Reached XP level 4. HP: 37/37 MP: 4/4
  1984 | D:2      | Reached skill level 1 in Armour
  1984 | D:2      | Reached XP level 5. HP: 40/42 MP: 5/5
  2708 | D:3      | Found a glowing golden altar of the Shining One.
  3102 | D:4      | Found a sparkling altar of Nemelex Xobeh.
  3250 | D:4      | You fall into a shaft and drop 1 floor!
  3250 | D:5      | Entered Level 5 of the Dungeon
  3250 | D:5      | Found a bloodstained altar of Trog.
  3250 | D:5      | Found a basalt altar of Yredelemnul.
  3266 | D:5      | Reached skill level 5 in Long Blades
  3314 | D:5      | Found Feogugeu's Distillery.
  3322 | D:5      | Bought a potion of heal wounds for 65 gold pieces
  3322 | D:5      | Bought a potion of curing for 39 gold pieces
  3342 | D:5      | Noticed an ogre
  3354 | D:5      | Killed an ogre
  3354 | D:5      | Reached XP level 6. HP: 31/49 MP: 6/6
  3371 | D:5      | Mangled by a crocodile

Illustrated notes

Levels and vault maps discovered:
D:1:      eino_arrival_cavern_b, layout_loops_cross
D:2:      layout_loops_corners
D:3:      layout_loops_ring, tso_oasis_becter
D:4:      layout_basic, nicolae_overflow_crystal_walls, xom_teletrap_fun,
          serial_bayou, serial_bayou_pond_a, serial_bayou_pond_c,
          serial_bayou_crossing, serial_bayou_pond_d, serial_shops, shop, shop,
          first_ration
D:5:      layout_basic, grunt_temple_overflow_open,
          minmay_temple_entry_drinking_statues, serial_shops,
          nicolae_shop_temple_entry_statues_fountains, ashenzari_altar_1

Skill      XL: |  1  2  3  4  5 |
---------------+----------------+-----
Dodging        | 3 |  3.2
Long Blades    | 4 5 |  5.3
Armour         | 1 2 |  2.3
Fighting       | 4 |  4.3
Stealth        | |  2.5

Action                   |  1- 3 |  4- 6 || total
-------------------------+-------+-------++-------
Melee: Falchion          |    89 |   156 ||   245
Throw: Stone             |       |     8 ||     8
 Abil: Dig               |     3 |     1 ||     4
 Stab: Sleeping          |     1 |       ||     1
  Eat: Chunk             |       |     7 ||     7
Armor: Leather armour    |    22 |    38 ||    60
Dodge: Dodged            |    71 |    95 ||   166
       Rpst.: Falchion   |    23 |    30 ||    53
